 Dungeon Crawl Stone Soup version 0.31-a0-177-g4aa6249778 (webtiles) character file.

Game seed: 13179198225138014717

1267 qw the Cleaver (level 8, -3/51 HPs)
             Began as a Gargoyle Fighter on June 18, 2023.
             Was an Initiate of Okawaru.
             Slain by Maggie
             ... wielding a +0 scimitar of flaming
              (5 damage)
             ... on level 6 of the Dungeon.
             The game lasted 00:02:36 (5192 turns).

qw the Cleaver (Gargoyle Fighter)                   Turns: 5192, Time: 00:02:37

Health: -3/51      AC: 17    Str: 21    XL:     8   Next: 53%
Magic:  23/23      EV:  8    Int: 14    God:    Okawaru [......]
Gold:   249        SH:  4    Dex:  7    Spells: 7/7 levels left

rFire   . . .        Y - +2 war axe
rCold   . . .        c - +0 buckler
rNeg    + . .        f - +0 chain mail
rPois   inf          (no helmet)
rElec   +            (no cloak)
rCorr   .            h - +2 pair of gloves of Grot {Rampage rElec Int+4 Dex-2}
SInv    .            (no boots)
Will    .....        i
                       - Hermit's Pendant {Faith Invo=14 Evo=0 MP+5} Stlth
                     (no ring)
HPRegen 0.28/turn    (no ring)
MPRegen 0.18/turn

%: rampage, faith
@: weakened, mesmerised
A: sickness immunity, AC +5, negative energy resistance 1, electricity
resistance, torment resistance 1, petrification resistance
a: Renounce Religion


You were on level 6 of the Dungeon.
You worshipped Okawaru.
Okawaru was noncommittal.
You visited 2 branches of the dungeon, and saw 7 of its levels.

You collected 249 gold pieces.


Innate Abilities, Weirdness & Mutations

You are immune to sickness and miasma.
Your stone body is resilient. (AC +5)
You are immune to poison.
You resist negative energy. (rN+)
You are resistant to electric shocks. (rElec)
You are resistant to unholy torment.
You are immune to petrification.


   Skills:
 - Level 6.0 Fighting
 - Level 8.2 Axes
 + Level 3.3 Armour
 - Level 1.0 Dodging
 - Level 3.2 Shields


You had 7 spell levels left.
You didn't know any spells.
Your spell library was empty.

Inventory:

Hand Weapons
 a - a +2 flail of protection
 Y - a +2 war axe (weapon)
Armour
 c - a +0 buckler (worn)
 f - a +0 chain mail (worn)
 h - the +2 pair of gloves of Grot (worn) {Rampage rElec Int+4 Dex-2}
   (You acquired it on level 4 of the Dungeon)

   Int:       It affects your intelligence (+4).
   Dex:       It affects your dexterity (-2).
   rElec:     It insulates you from electricity.
   Rampage:   It bestows one free step when moving towards enemies.
Jewellery
 i - the Hermit's Pendant (around neck) {Faith Invo=14 Evo=0 MP+5}
   (You found it on level 5 of the Dungeon)

   [amulet of faith]

   Invo=14: It sets your Invocations skill to 14.
   Evo=0: It sets your Evocations skill to 0.
   It allows you to gain divine favour quickly.
   MP:        It affects your magic capacity (+5).
Scrolls
 k - a scroll of identify
Potions
 d - a potion of might
 e - 2 potions of haste
 g - a potion of enlightenment
 j - a potion of curing
 l - a potion of resistance {unknown}
 m - a potion of mutation {unknown}
 n - a potion of invisibility {unknown}
 o - a potion of degeneration {unknown}
 p - a potion of attraction {unknown}

Dungeon Overview and Level Annotations

Branches:
Dungeon (6/15)             Temple (1/1) D:5

Altars:
Cheibriados
Dithmenos
Fedhas
Gozag
Hepliaklqana
Kikubaaqudgha
Makhleb
Okawaru
Sif Muna
Trog
Uskayaw
Wu Jian
Xom
Yredelemnul
Zin
The Shining One

Shops:
D:1 (

Annotations:
D:6 Maggie, Pikel


Message History

The gnoll bouda is almost dead.
You hit Pikel. You hit the lemure. You slash the gnoll!
You closely miss the lemure. The gnoll hits you but does no damage.
The lemure closely misses you.
Pikel hits you with a +0 whip of flaming!
Pikel burns you. The lemure misses you.
The gnoll bouda hits you with a +0 whip!
The gnoll hits you from afar with a +0 halberd.
The gnoll hits you but does no damage.
The gnoll bouda gazes fiercely through you!
You feel as though you will be weak longer.
The gnoll bouda hits you but does no damage.
The lemure hits you but does no damage.
Maggie zaps a wand.
Some rock shatters into small pieces.
The lemure closely misses you. Pikel hits you but does no damage.
You slash the gnoll bouda!
You kill the gnoll bouda!
Okawaru accepts your kill.
You closely miss Pikel. You hit the lemure. You hit the gnoll but do no damage.
You hit the lemure.
The gnoll is no longer moving quickly.
The gnoll hits you but does no damage. x2
Pikel hits you but does no damage. The lemure barely misses you.
Your Fighting skill increases to level 6!
You hit the gnoll.
You kill the gnoll!
Okawaru accepts your kill.
You barely miss the lemure. You slash the lemure! You closely miss the lemure.
You slash Pikel! The gnoll hits you but does no damage.
Pikel hits you but does no damage. The lemure hits you but does no damage.
Maggie says, "Did Master Lance send you?"
You block the lemure's attack. The lemure hits you but does no damage.
The gnoll hits you but does no damage.
You barely miss the lemure.
The lemure is severely wounded.
You slash the lemure! You closely miss Pikel. You hit Maggie.
You closely miss the lemure. Pikel closely misses you.
Maggie hits you with a +0 scimitar of flaming.
You die...

#........#
#..?...#.###.#
#.###.#..#
#.#.#........#
##.###.#..#
#...####.#####
#.........#####........#
#..##.##.........#######
#..##.##.#####.#..
.>.......# #.#.#
##.##.##.# #.#.@.##
#.##.# # #..5@5# ##.##..
##.5K)# ##.###.. ##..g#
##.. .#. #..$# ##.# ###.
..... ...# #. .......
#### ....... # ###...###
#


You could see Maggie (mesmerising), Pikel, 3 lemures and a gnoll.

Vanquished Creatures
  Menkaure (D:5)
  A sky beast (D:6)
  A black bear (D:5)
  A lemure (D:6)
  A phantom (D:4)
  A kobold brigand (D:6)
  A bullfrog (D:5)
  A scorpion (D:5)
  2 jellies (D:6)
  3 orc priests
  A gnoll bouda (D:6)
  A sleepcap (D:6)
  Jessica (D:3)
  2 iguanas
  3 orc wizards (D:5)
  9 adders
  12 gnolls
  A white imp (D:6)
  2 ufetubi
  A worm (D:5)
  5 dart slugs
  14 orcs
  5 bats
  5 endoplasms
  4 giant cockroaches
  5 goblins
  6 hobgoblins
  8 jackals (D:1)
  6 quokkas
  8 ball pythons
  A frilled lizard (D:1)
  14 kobolds
  4 rats (D:1)
131 creatures vanquished.

Notes
Turn   | Place    | Note
-------+----------+-------------------------------------------
     0 | D:1      | qw the Gargoyle Fighter began the quest for the Orb.
     0 | D:1      | Reached XP level 1. HP: 14/14 MP: 1/1
     0 | D:1      | 0 ||| qw: Version: 0.3-a-7-ge0c9b40
     0 | D:1      | 0 ||| qw: Game counter: 799
     0 | D:1      | 0 ||| qw: Always use a shield: true
     0 | D:1      | 0 ||| qw: God list: Okawaru
     0 | D:1      | 0 ||| qw: Allow faded altars: false
     0 | D:1      | 0 ||| qw: Do Orc after D:15 true
     0 | D:1      | 0 ||| qw: Do second Lair branch before Depths: true
     0 | D:1      | 0 ||| qw: Lair rune preference: random
     0 | D:1      | 0 ||| qw: Plans: Normal, Zot:1-4, Slime:5, God:TSO, Crypt,
                  | Tomb, Abyss, Pan, Hells, Win
     0 | D:1      | 0 ||| PLANNING D:1-11
     4 | D:1      | 4 ||| Stepping ~*~*~tactically~*~*~ (stealth).
    12 | D:1      | Reached skill level 2 in Axes
    18 | D:1      | 18 ||| FLEEEEING.
    23 | D:1      | Reached XP level 2. HP: 19/19 MP: 2/2
    29 | D:1      | 29 ||| Stepping ~*~*~tactically~*~*~ (stealth).
    63 | D:1      | Reached skill level 3 in Axes
   104 | D:1      | 104 ||| Stepping ~*~*~tactically~*~*~ (hiding).
   108 | D:1      | Reached XP level 3. HP: 23/23 MP: 3/3
   210 | D:1      | 210 ||| DROPPING +0 club.
   416 | D:1      | Found a faded altar of an unknown god.
   574 | D:1      | 574 ||| DROPPING +0 whip.
   577 | D:1      | Found Vyugop's Weapon Emporium.
   590 | D:1      | 590 ||| SHOPLISTING +2 hand axe of flaming (174 gold, have
                  | 28).
   590 | D:1      | 590 ||| SHOPLISTING +6 morningstar of flaming (392 gold,
                  | have 28).
   677 | D:1      | Reached XP level 4. HP: 27/28 MP: 4/4
   790 | D:1      | 790 ||| UPGRADING to +0 chain mail.
   800 | D:1      | 800 ||| DROPPING +0 scale mail.
   801 | D:1      | 801 ||| DROPPING +3 ring mail.
   802 | D:1      | 802 ||| READING scroll labelled VIDEMI PIREFET.
   803 | D:1      | 803 ||| READING 2 scrolls labelled LIOPLA GUBE.
   804 | D:1      | 804 ||| READING scroll labelled GAURHO NUGI.
   805 | D:1      | 805 ||| DROPPING scroll of noise.
   896 | D:2      | 896 ||| Stepping ~*~*~tactically~*~*~ (hiding).
   897 | D:2      | 897 ||| Stepping ~*~*~tactically~*~*~ (hiding).
   900 | D:2      | 900 ||| Stepping ~*~*~tactically~*~*~ (hiding).
   914 | D:2      | 914 ||| Stepping ~*~*~tactically~*~*~ (stealth).
   926 | D:2      | 926 ||| Stepping ~*~*~tactically~*~*~ (stealth).
   990 | D:2      | Reached skill level 4 in Axes
  1731 | D:2      | 1731 ||| READING scroll labelled HIVE FETZI.
  1732 | D:2      | 1732 ||| DRINKING 3 fuming inky potions.
  1733 | D:2      | 1733 ||| DRINKING 3 fizzy emerald potions.
  1807 | D:3      | 1807 ||| Stepping ~*~*~tactically~*~*~ (hiding).
  1808 | D:3      | 1808 ||| Stepping ~*~*~tactically~*~*~ (hiding).
  2125 | D:3      | Noticed Jessica
  2126 | D:3      | 2126 ||| Stepping ~*~*~tactically~*~*~ (hiding).
  2127 | D:3      | 2127 ||| Stepping ~*~*~tactically~*~*~ (hiding).
  2131 | D:3      | Killed Jessica
  2132 | D:3      | Reached XP level 5. HP: 32/32 MP: 5/5
  2292 | D:3      | Reached skill level 5 in Axes
  2374 | D:3      | 2374 ||| DROPPING +0 mace.
  2431 | D:3      | Found a shimmering altar of Xom.
  2500 | D:3      | 2500 ||| Stepping ~*~*~tactically~*~*~ (hiding).
  3021 | D:3      | 3021 ||| READING scroll labelled ANEBLI RI URE.
  3098 | D:4      | Noticed a phantom
  3109 | D:4      | Killed a phantom
  3110 | D:4      | Reached XP level 6. HP: 38/38 MP: 6/6
  3164 | D:4      | 3164 ||| READING scroll of enchant weapon.
  3164 | D:4      | 3164 ||| ENCHANTING +1 war axe.
  3255 | D:4      | 3255 ||| Stepping ~*~*~tactically~*~*~ (hiding).
  3461 | D:4      | Reached skill level 6 in Axes
  3740 | D:4      | Found a bloodstained altar of Trog.
  3774 | D:4      | 3774 ||| READING scroll labelled IMOMIR QULL.
  3775 | D:4      | 3775 ||| READING scroll labelled SYSOAM EFUUJOEK.
  3775 | D:4      | Identified a scroll of acquirement
  3775 | D:4      | 3775 ||| ACQUIRING +2 pair of gloves of Grot {Rampage rElec
                  | Int+4 Dex-2}
  3775 | D:4      | Acquired the +2 pair of gloves of Grot {Rampage rElec Int+4
                  | Dex-2}
  3777 | D:4      | 3777 ||| UPGRADING to +2 pair of gloves of Grot {Rampage
                  | rElec Int+4 Dex-2}.
  3782 | D:4      | 3782 ||| READING 2 scrolls labelled RISCHEUD FENKAO.
  3799 | D:5      | Entered Level 5 of the Dungeon
  3843 | D:5      | Noticed Menkaure
  3844 | D:5      | 3844 ||| Stepping ~*~*~tactically~*~*~ (hiding).
  3851 | D:5      | Killed Menkaure
  3852 | D:5      | Reached XP level 7. HP: 43/43 MP: 7/7
  3991 | D:5      | Found the Hermit's Pendant {Faith Invo=14 Evo=0 MP+5}
  4120 | D:5      | Reached skill level 7 in Axes
  4194 | D:5      | 4194 ||| DRINKING 2 potions of curing.
  4194 | D:5      | 4194 ||| (to cure confusion)
  4271 | D:5      | Found a staircase to the Ecumenical Temple.
  4272 | D:5      | 4272 ||| PLANNING TEMPLE
  4272 | D:5      | 4272 ||| UPGRADING to Hermit's Pendant {Faith Invo=14 Evo=0
                  | MP+5}.
  4277 | D:5      | 4277 ||| READING 3 scrolls of identify.
  4277 | D:5      | 4277 ||| IDENTIFYING fizzy purple potion
  4278 | D:5      | 4278 ||| READING 2 scrolls of identify.
  4278 | D:5      | 4278 ||| IDENTIFYING smoky purple potion
  4304 | Temple   | Entered the Ecumenical Temple
  4305 | Temple   | 4305 ||| PLANNING OKAWARU WORSHIP
  4429 | Temple   | Became a worshipper of Warmaster Okawaru
  4430 | Temple   | 4430 ||| PLANNING D:1-11
  4671 | D:5      | 4671 ||| Stepping ~*~*~tactically~*~*~ (stealth).
  4691 | D:5      | Reached XP level 8. HP: 40/50 MP: 18/18
  4854 | D:6      | 4854 ||| PLANNING OSSUARY
  4858 | D:6      | 4858 ||| STAIRDANCE
  4897 | D:6      | 4897 ||| Stepping ~*~*~tactically~*~*~ (stealth).
  4932 | D:6      | Reached skill level 8 in Axes
  5112 | D:6      | Reached skill level 1 in Dodging
  5175 | D:6      | Noticed Pikel
  5176 | D:6      | Noticed Maggie
  5186 | D:6      | HP: 8/51 [gnoll bouda/+0 whip (8)]
  5187 | D:6      | 5187 ||| DRINKING potion of heal wounds.
  5189 | D:6      | HP: 1/51 [gnoll/+0 halberd[a gnoll bouda] (3)]
  5191 | D:6      | Reached skill level 6 in Fighting
  5192 | D:6      | Slain by Maggie

Levels and vault maps discovered:
D:1:      ncdulo_lavacross, layout_basic, shapermc_ecumenical_altar_notcrosses,
          serial_shops, shop, chequers_serial_rivers_micro_a,
          nrook_mini_backslash, minmay_misc_feat_rugged, st_stairs_6,
          minmay_tetromino_i2
D:2:      layout_basic, kennysheep_pointless_box, kennysheep_generic_room_11
D:3:      layout_basic, lemuel_doored_altar, uniq_jessica
D:4:      layout_basic, mainiacjoe_overflow_chevrons
D:5:      layout_cave_pods, temple_pool_b, uniq_menkaure
D:6:      layout_loops_cross, nemelex_diamond_rough_becter, serial_shops,
          shop_statue, nicolae_ossuary_entry_catacombs, uniq_pikel, uniq_maggie
Temple:   eino_temple_lava

Skill      XL: |  1  2  3  4  5  6  7  8 |
---------------+-------------------------+-----
Axes           | 2 3 4 5 6 7 8 |  8.2
Fighting       | 4 5 6 |  6.0
Dodging        | 1 |  1.0
Armour         | |  3.3
Shields        | |  3.2

Action                     |  1- 3 |  4- 6 |  7- 9 || total
---------------------------+-------+-------+-------++-------
  Melee: War axe           |    89 |   169 |   132 ||   390
    Use: Scroll            |       |     9 |     2 ||    11
         Potion            |       |     2 |     2 ||     4
 Armour: Scale mail        |    56 |       |       ||    56
         Chain mail        |       |   104 |   108 ||   212
  Dodge: Dodged            |    40 |    56 |    43 ||   139
  Block: Buckler           |    10 |    26 |    27 ||    63

Table legend:
 A = Non-vault XP
 B = Vault XP
 C = Vault XP percentage of total XP
 D = Non-vault monster count
 E = Vault monster count
 F = Vault count percentage of total count
                 A         B        C        D         E       F
            +---------+---------+-------+---------+---------+-------
      Total |    1586 |     225 |  12.4 |     124 |       6 |   4.6
            +---------+---------+-------+---------+---------+-------
        D:1 |      65 |      17 |  20.7 |      34 |       3 |   8.1
        D:2 |      57 |       2 |   3.4 |      17 |       1 |   5.6
        D:3 |     107 |      37 |  25.7 |      19 |       1 |   5.0
        D:4 |     250 |       0 |   0.0 |      16 |       0 |   0.0
        D:5 |     623 |     169 |  21.3 |      23 |       1 |   4.2
        D:6 |     484 |       0 |   0.0 |      15 |       0 |   0.0
            +---------+---------+-------+---------+---------+-------
